Map: Imperio eterno EE

Players

MrFercho

  • Race: Zerg Zerg
  • League: Silver
  • Spawn Location: 1:00

darthbagel - Winner!

  • Race: Protoss Protoss
  • League: Gold
  • Spawn Location: 7:00

VOD

Have the link to the VOD?

Description

Time

  • Played on: July 18, 2020, 11:37 a.m.
  • Length: 21:35
Show
View Real Time Build Order
Export as new Build Order

MrFercho Zerg 

Build Orders: Hatch First 

Get SALT Encoding   

  12  0:01  Drone  
  13  0:13  Overlord  
  13  0:17  Drone  
  14  0:34  Drone x2  
  16  0:35  Drone  
  17  0:57  Hatchery  
  17  1:03  Drone x2  
  18  1:17  Extractor  
  17  1:21  Spawning Pool, Drone  
  17  1:22  Drone  
  18  1:30  Drone  
  19  1:43  Overlord  
  19  1:50  Drone  
  20  2:05  Drone  
  21  2:10  Queen x2  
  21  2:11  Drone  
  26  2:23  Drone x2  
  26  2:25  Drone  
  29  2:34  Metabolic Boost  
  29  2:35  Drone x2  
  31  2:41  Drone  
  31  2:44  Drone  
  35  2:53  Overlord  
  35  2:55  Drone  
  36  3:05  Lair  
  34  3:08  Drone x2  
  34  3:11  Queen  
  38  3:16  Extractor  
  38  3:18  Extractor  
  36  3:20  Drone x2  
  36  3:22  Drone x3  
  36  3:23  Roach Warren, Drone  
  36  3:26  Drone  
  43  3:48  Drone x2  
  44  3:59  Overlord x2, Evolution Chamber  
  44  4:01  Drone  
  44  4:25  Drone x3  
  44  4:26  Drone x2  
  44  4:27  Drone  
  50  4:41  Overlord x2  
  50  4:44  Hatchery, Roach x5  
  59  4:52  Drone  
  60  4:59  Drone x3  
  63  5:09  Drone x2  
  65  5:15  Hatchery  
  64  5:22  Drone x2  
  64  5:23  Hydralisk Den  
  65  5:35  Pneumatized Carapace  
  65  5:41  Drone x2  
  65  5:42  Drone x2  
  69  5:49  Drone x3  
  72  5:52  Drone  
  73  5:58  Drone x5  
  73  6:03  Extractor  
  77  6:05  Extractor  
  76  6:14  Drone  
  76  6:15  Drone x2  
  79  6:27  Drone x3  
  79  6:28  Drone  
  79  6:30  Overlord x4  
  79  6:31  Overlord x2  
  83  6:45  Overseer  
  83  6:53  Muscular Augments  
  83  6:54  Lurker Den  
  82  7:04  Hatchery  
  82  7:07  Hatchery, Zerg Missile Weapons Level 1  
  80  7:15  Evolution Chamber  
  79  7:34  Overlord x4  
  79  7:37  Hydralisk  
  79  7:38  Hydralisk x17  
  79  7:40  Hatchery  
  79  7:41  Hatchery  
  113  7:53  Drone x2  
  115  8:04  Zerg Ground Armor Level 1  
  115  8:05  Grooved Spines  
  115  8:09  Drone  
  115  8:10  Drone x7  
  123  8:27  Drone x2  
  123  8:28  Drone x7  
  123  8:29  Extractor  
  123  8:33  Overlord  
  123  8:34  Extractor, Overlord x2  
  130  8:46  Hydralisk x12  
  154  9:07  Drone x6  
  154  9:08  Drone  
  161  9:29  Infestation Pit  
  160  9:42  Hydralisk x9  
  160  9:43  Hydralisk x11  
  200  10:09  Hive  
  200  10:11  Zerg Missile Weapons Level 2, Zerg Ground Armor Level 2  
  200  10:46  Extractor  
  199  11:20  Seismic Spines  
  199  11:25  Spire  
  198  11:45  Hydralisk  
  200  11:47  Hydralisk  
  200  11:48  Hydralisk  
  168  11:58  Hydralisk x17  
  168  11:59  Hydralisk x20  
  168  12:00  Hydralisk x4  
  168  12:01  Hydralisk x3  
  200  12:02  Hydralisk  
  200  12:04  Hydralisk  
  186  12:11  Hydralisk x3  
  192  12:17  Adaptive Talons  
  192  12:22  Unknown  
  191  12:31  Drone x2  
  191  12:32  Drone x3  
  191  12:33  Drone  
  197  12:38  Hydralisk  
  197  12:39  Extractor, Hatchery, Hydralisk  
  199  12:44  Extractor  
  174  13:19  Hydralisk  
  152  13:20  Hydralisk x22  
  152  13:21  Hydralisk x4  
  152  13:23  Hydralisk  
  150  13:44  Zerg Missile Weapons Level 3  
  150  13:45  Zerg Ground Armor Level 3  
  150  14:06  Corruptor x4  
  150  14:07  Corruptor  
  160  14:25  Corruptor x4  
  168  14:56  Corruptor x10  
  188  15:00  Zergling x2  
  188  15:01  Zergling x22  
  200  15:55  Zerg Flyer Armor Level 1  
  108  16:25  Hydralisk  
  108  16:26  Hydralisk x26  
  108  16:27  Hydralisk x24  
  192  16:55  Zerg Melee Weapons Level 1  
  192  17:02  Corruptor  
  192  17:03  Corruptor x3  
  200  17:30  Hatchery  
  185  18:08  Corruptor x15  
  185  18:09  Corruptor x6  
  149  18:21  Zerg Flyer Armor Level 2  
  131  18:48  Corruptor x11  
  153  18:59  Corruptor x2  
  153  19:00  Corruptor  
  159  19:03  Zergling x34  
  159  19:04  Zergling x16  
  148  19:32  Hydralisk x5  
  148  19:33  Hydralisk x9  
  167  19:51  Hydralisk  
  167  19:52  Hydralisk x4  
  158  19:54  Hydralisk  
  141  20:18  Hydralisk x2  
  144  20:24  Hatchery  
  143  20:46  Extractor  
  142  20:51  Extractor  
Show
View Real Time Build Order
Export as new Build Order

darthbagel Protoss - Winner!

Build Orders: Cannon Rush 

Get SALT Encoding   

  12  0:02  Probe  
  14  0:14  Probe  
  14  0:17  Pylon  
  14  0:25  Probe  
  15  0:33  Probe  
  15  0:41  Probe  
  17  0:56  Forge  
  17  1:02  Pylon  
  17  1:30  Photon Cannon  
  17  1:34  Photon Cannon  
  17  1:36  Photon Cannon  
  17  1:46  Probe  
  17  1:47  Nexus  
  18  1:54  Probe  
  19  2:03  Probe  
  20  2:11  Probe  
  21  2:19  Assimilator, Probe  
  21  2:24  Assimilator  
  21  2:25  Pylon  
  22  2:31  Probe  
  23  2:43  Probe  
  24  2:55  Probe  
  25  3:01  Probe  
  25  3:02  Assimilator  
  26  3:06  Assimilator, Probe  
  26  3:09  Probe  
  27  3:14  Probe  
  27  3:18  Probe  
  29  3:22  Probe  
  31  3:31  Probe  
  31  3:33  Probe  
  33  3:43  Probe  
  33  3:45  Probe  
  35  3:49  Gateway  
  35  3:55  Probe  
  36  3:57  Probe  
  37  4:04  Pylon  
  37  4:07  Pylon, Probe  
  39  4:10  Probe  
  39  4:11  Pylon  
  39  4:16  Pylon  
  39  4:18  Probe  
  39  4:20  Pylon  
  39  4:22  Probe  
  41  4:26  Probe  
  42  4:34  Probe x2  
  42  4:37  Pylon  
  43  4:40  Nexus  
  43  4:43  Pylon  
  44  4:45  Probe  
  44  4:47  Pylon  
  44  4:48  Probe  
  44  4:52  Pylon  
  46  4:57  Probe x2  
  47  5:06  Probe  
  48  5:10  Probe  
  50  5:15  Pylon  
  50  5:18  Probe  
  50  5:20  Pylon  
  51  5:21  Probe  
  51  5:23  Pylon  
  52  5:29  Probe  
  52  5:30  Probe  
  52  5:31  Cybernetics Core  
  54  5:37  Probe  
  54  5:38  Probe  
  56  5:43  Cybernetics Core  
  56  5:45  Probe  
  56  5:47  Pylon  
  56  5:48  Probe  
  57  5:52  Probe  
  57  5:53  Assimilator  
  57  5:57  Assimilator, Probe  
  59  6:00  Probe x2  
  61  6:07  Protoss Shields Level 1  
  61  6:10  Probe  
  62  6:14  Stargate  
  62  6:15  Stargate  
  62  6:18  Stargate  
  63  6:20  Stargate  
  63  6:22  Probe, Stargate  
  63  6:24  Protoss Air Armor Level 1  
  64  6:25  Stargate  
  64  6:30  Pylon  
  64  6:34  Pylon, Probe  
  64  6:38  Pylon  
  65  6:48  Protoss Air Weapons Level 1  
  65  6:49  Probe  
  66  7:01  Void Ray x2, Probe  
  70  7:03  Photon Cannon  
  70  7:04  Void Ray  
  70  7:05  Void Ray  
  70  7:06  Void Ray  
  87  7:09  Void Ray  
  91  7:40  Photon Cannon  
  91  7:44  Void Ray x2, Photon Cannon  
  95  7:47  Void Ray  
  95  7:48  Void Ray  
  95  7:49  Void Ray  
  111  7:52  Void Ray  
  115  7:59  Fleet Beacon  
  115  8:01  Twilight Council  
  115  8:17  Pylon  
  115  8:19  Nexus  
  115  8:22  Pylon  
  115  8:31  Protoss Shields Level 2  
  115  8:33  Probe  
  116  8:41  Probe  
  116  8:47  Protoss Air Weapons Level 2, Protoss Air Armor Level 2  
  117  8:51  Probe  
  117  8:54  Unknown  
  118  8:57  Void Ray x2  
  126  9:03  Probe  
  126  9:04  Assimilator  
  126  9:09  Assimilator  
  127  9:12  Pylon  
  127  9:15  Pylon, Probe  
  128  9:20  Pylon  
  128  9:27  Photon Cannon  
  128  9:32  Photon Cannon  
  128  9:47  Void Ray x4  
  128  9:48  Void Ray  
  128  9:49  Void Ray  
  152  10:29  Void Ray x2  
  152  10:30  Void Ray x2  
  152  10:31  Void Ray  
  152  10:32  Void Ray  
  176  11:07  Protoss Shields Level 3  
  176  11:21  Photon Cannon  
  176  11:24  Photon Cannon  
  176  11:25  Protoss Air Weapons Level 3  
  176  11:26  Protoss Air Armor Level 3, Photon Cannon x2  
  176  11:30  Photon Cannon  
  176  11:31  Photon Cannon  
  176  11:33  Photon Cannon  
  176  11:37  Photon Cannon  
  175  11:44  Void Ray x5  
  180  11:59  Void Ray  
  160  12:10  Probe  
  161  12:18  Probe  
  161  12:21  Assimilator  
  162  12:26  Void Ray  
  162  12:28  Probe  
  167  12:40  Probe  
  168  13:02  Void Ray x4  
  168  13:04  Void Ray  
  157  13:24  Void Ray  
  117  13:44  Void Ray, Pylon  
  117  13:45  Void Ray x3  
  117  13:46  Void Ray  
  117  13:47  Pylon  
  137  13:50  Pylon  
  137  13:53  Pylon  
  137  13:56  Pylon  
  137  14:00  Photon Cannon  
  137  14:07  Void Ray  
  141  14:20  Photon Cannon  
  141  14:22  Photon Cannon  
  141  14:25  Photon Cannon  
  141  14:27  Void Ray x2  
  141  14:28  Photon Cannon  
  141  14:30  Photon Cannon  
  149  14:32  Photon Cannon  
  149  14:34  Photon Cannon  
  149  14:38  Void Ray x3, Photon Cannon  
  161  14:50  Void Ray  
  165  15:10  Void Ray x2  
  173  15:20  Void Ray  
  177  15:28  Protoss Ground Weapons Level 1  
  177  15:34  Void Ray x2  
  185  15:35  Void Ray  
  189  15:48  Pylon  
  189  15:52  Pylon  
  189  15:53  Void Ray x2  
  189  15:54  Nexus  
  197  16:02  Pylon  
  184  16:23  Void Ray  
  184  16:24  Void Ray x3  
  164  16:36  Void Ray  
  164  16:37  Nexus  
  168  16:41  Pylon  
  168  16:43  Pylon  
  168  16:46  Pylon  
  168  17:06  Void Ray  
  168  17:08  Void Ray  
  176  17:09  Void Ray  
  176  17:14  Void Ray  
  184  17:36  Protoss Ground Armor Level 1  
  184  17:39  Void Ray  
  184  17:41  Void Ray  
  183  18:12  Void Ray x2  
  166  18:13  Void Ray  
  165  18:35  Void Ray  
  165  18:36  Void Ray  
  165  18:37  Void Ray  
  177  18:54  Photon Cannon  
  177  18:55  Photon Cannon  
  177  18:58  Photon Cannon  
  177  19:01  Photon Cannon  
  177  19:04  Photon Cannon  
  177  19:05  Photon Cannon  
  177  19:06  Photon Cannon  
  177  19:07  Photon Cannon  
  161  19:44  Void Ray  
  161  19:45  Void Ray x5  
  185  20:01  Photon Cannon  
  185  20:03  Photon Cannon x2  
  185  20:05  Photon Cannon  
  185  20:15  Photon Cannon  
  185  20:18  Photon Cannon  
  185  20:20  Photon Cannon  
  185  20:41  Nexus  
Tags
 
Add a new tag
Caveats
  • Supply blocks, unpowered buildings, or Contaminate may cause inaccurate times.
  • Supply counts are checked every 10 seconds.